 Dungeon Crawl Stone Soup version 0.18.1-6-gd335043 (webtiles) character file.

23 lightmor the Sneak (level 2, 0/19 HPs)
             Began as a Spriggan Enchanter on May 15, 2016.
             Slain by Natasha (4 damage)
             ... on level 2 of the Dungeon.
             The game lasted 00:02:07 (1051 turns).

lightmor the Sneak (Spriggan Enchanter)             Turns: 1051, Time: 00:02:08

Health: 0/19       AC: 21    Str:  4    XL:     2   Next: 75%
Magic:  4/8        EV:  4    Int: 16    God:
Gold:   28         SH:  0    Dex: 16    Spells: 2 memorised, 6 levels left

rFire  . . .     SeeInvis +     a - +1 dagger
rCold  . . .     Gourm    .     (armour currently unavailable)
rNeg   + + +     Faith    .     (shield restricted)
rPois  +         Spirit   .     (helmet currently unavailable)
rElec  .         Dismiss  .     (cloak currently unavailable)
rCorr  .         Reflect  .     (gloves unavailable)
SustAt .         Harm     .     (boots unavailable)
MR     .....     NoTele   +     (no amulet)
Stlth  ++++......               (no ring)
                                f - ring of flight (curse)

@: tree-form, very slightly contaminated, slowed, very slow, not resistant to
hostile enchantments, stealthy
A: unfitting armour, see invisible, herbivore 3, (speed 0), slow metabolism 2
a: no special abilities


You were on level 2 of the Dungeon.
You were not hungry.
You were a tree.
You visited 1 branch of the dungeon, and saw 2 of its levels.

You collected 28 gold pieces.

Inventory:

Hand Weapons
 a - a +1 dagger (weapon)
Armour
 b - a +1 robe (melded)
Jewellery
 f - a cursed ring of flight (left branch)
Scrolls
 e - a scroll of remove curse {unknown}
 g - a scroll of amnesia {unknown}
Potions
 h - a potion of haste {unknown}
 i - a potion of lignification
Books
 c - a book of Maledictions

   Spells                             Type                      Level
   a - Corona                         Hexes                        1
   b - Ensorcelled Hibernation        Hexes/Ice                    2
   c - Confuse                        Hexes                        3
   d - Tukima's Dance                 Hexes                        3
   e - Dazzling Spray                 Conjuration/Hexes            3
Comestibles
 d - a bread ration


   Skills:
 - Level 1.1 Short Blades
 - Level 3.0 Dodging
 + Level 4.6 Stealth
 * Level 4.0 Spellcasting
 - Level 3.6 Hexes


You had 6 spell levels left.
You knew the following spells:

 Your Spells              Type           Power        Failure   Level  Hunger
a - Corona                Hex            ##.....      4%          1    None
b - Ensorcelled Hibernat  Hex/Ice        #.....       14%         2    ##.....


Dungeon Overview and Level Annotations

Branches:
Dungeon (2/15)

Altars:

Annotations:
D:2 Natasha


Innate Abilities, Weirdness & Mutations

You are tiny and cannot use many weapons and most armour.
You have supernaturally acute eyesight.
You are a herbivore.
((You cover ground extremely quickly.))
You need consume almost no food.


Message History

Natasha is lightly wounded.
Natasha casts a spell at you.
You feel yourself slow down.
You closely miss Natasha.
Natasha is lightly wounded.
Natasha claws you but does no damage.
Natasha stares at you and mumbles some strange words.
The magic dart hits you!
* * * LOW HITPOINT WARNING * * *
You hit Natasha but do no damage.
Natasha is lightly wounded.
Natasha claws you but does no damage.
You hit Natasha but do no damage.
Natasha is lightly wounded.
Natasha mumbles some strange words.
Natasha claws you but does no damage.
You hit Natasha.
Natasha is moderately wounded.
Natasha claws you.
You die...

.........#########.#.####.##
.............†.†.......##.##
.........#########.#.#.##...
.........#########.#.#.#####
.>..[....'..................
.........#########.#..#....#
###+#.............#)......+
#.#.###############.....#
#.#..#.h♣................
#....#5#############.##..
###..#.# #..#.# ##..#.#
##.#.# #...#h# ###.#.#
#...#.# #......
.#######..#.# #......
............# #......
######......# #......


You could see Natasha and a crimson imp.

Vanquished Creatures
  A dart slug (D:1)
  A giant gecko (D:2)
  A ball python (D:2)
  3 hobgoblins (D:2)
  4 bats
  3 giant newts (D:2)
  4 goblins
  3 kobolds
  2 rats
22 creatures vanquished.

Notes
Turn   | Place    | Note
--------------------------------------------------------------
     0 | D:1      | lightmor the Spriggan Enchanter began the quest for the Orb.
     0 | D:1      | Reached XP level 1. HP: 9/9 MP: 5/5
   298 | D:1      | Reached XP level 2. HP: 6/13 MP: 7/7
   459 | D:1      | Learned a level 2 spell: Ensorcelled Hibernation
  1010 | D:2      | Noticed Natasha
  1051 | D:2      | Slain by Natasha

Skill      XL: |  1  2 |
---------------+-------+-----
Spellcasting   | 3 4 |  4.0
Short Blades   | |  1.1
Dodging        | |  3.0
Stealth        | |  4.6
Hexes          | |  3.6

Action                   || total
-------------------------++-------
Melee: Dagger            ||    69
 Cast: Ensorcelled Hiber ||     4
  Use: Potion            ||     1
 Stab: Sleeping          ||    10
Armor: Robe              ||     2
       Skin              ||     8
Dodge: Dodged            ||    42
